TOP OF THE 1ST |
Iowa Hawkeyes batting - Pitching for Alabama Crimson Tide : RHP Roy Wiggins
|
Pitching: RHP Roy Wiggins
|
|
Batting: RHB Manuel Gómez
|
0-0: Foul Ball, location: 2F 0-1: Ball 1-1: Ball 2-1: Ball 3-1: Base on Balls
|
Batting: RHB Tucker Waters
|
0-0: Ball 1-0: Foul Ball, location: 2F 1-1: Ball 2-1: Ball 3-1: 2-RUN HOME RUN (Flyball, 78XD), Distance : 377 ft
|
Batting: LHB Rob Davidson
|
0-0: Ball 1-0: Swinging Strike 1-1: Ball 2-1: Ball 3-1: Foul Ball, location: 2F 3-2: Strikes out swinging
|
Batting: RHB Rusty Anderson
|
0-0: Ground out 4-3 (Groundball, 4M)
|
Batting: RHB José Gonzáles
|
0-0: Ball 1-0: Ball 2-0: Ball 3-0: Base on Balls
|
Batting: RHB Miguel Costa
|
0-0: Ball 1-0: Called Strike 1-1: Ball 2-1: Foul Ball, location: 2F 2-2: Strikes out swinging
|
Top of the 1st over - 2 run(s), 1 hit(s), 0 error(s), 1 left on base; Iowa 2 - Alabama 0 |
BOTTOM OF THE 1ST |
Alabama Crimson Tide batting - Pitching for Iowa Hawkeyes : RHP Rodrigo Morales
|
Pitching: RHP Rodrigo Morales
|
|
Batting: SHB Jorge Dávila
|
0-0: Ball 1-0: Ball 2-0: Ball 3-0: Called Strike 3-1: Base on Balls
|
Batting: RHB Eddie Howell
|
0-0: Ball 1-0: Foul Ball, location: 2F 1-1: Foul Ball, location: 2F 1-2: Strikes out looking
|
Batting: LHB Mike Godfrey
|
0-0: Ball 1-0: Called Strike 1-1: Called Strike 1-2: Ball 2-2: Strikes out swinging
|
Batting: LHB Davey Davis
|
0-0: Hit by Pitch Jorge Dávila to second
|
Batting: RHB Bob Johnson
|
0-0: Ground out 6-3 (Groundball, 6)
|
Bottom of the 1st over - 0 run(s), 0 hit(s), 0 error(s), 2 left on base; Iowa 2 - Alabama 0 |
TOP OF THE 2ND |
Iowa Hawkeyes batting - Pitching for Alabama Crimson Tide : RHP Roy Wiggins
|
Batting: RHB Kelsey Scott
|
0-0: Foul Ball, location: 2F 0-1: Called Strike 0-2: Ground out 5-3 (Groundball, 56)
|
Batting: LHB Gilbert Stegall
|
0-0: Ball 1-0: Ball 2-0: Called Strike 2-1: Ball 3-1: Foul Ball, location: 2F 3-2: Base on Balls
|
Batting: RHB Joe Brinkman
|
0-0: Ball 1-0: Called Strike 1-1: Fly out, F9 (Line Drive, 89M)
|
Batting: RHB Manuel Gómez
|
0-0: Foul Ball, location: 2F 0-1: Ball 1-1: Called Strike 1-2: Ball 2-2: Foul Ball, location: 2F 2-2: SINGLE (Groundball, 34D) Gilbert Stegall to second Throwing error, E9 Gilbert Stegall scores Manuel Gómez to second
|
Batting: RHB Tucker Waters
|
0-0: Called Strike 0-1: Foul Ball, location: 2F 0-2: Foul Ball, location: 2F 0-2: Foul Ball, location: 2F 0-2: Ball 1-2: Ground out 5-3 (Groundball, 56)
|
Top of the 2nd over - 1 run(s), 1 hit(s), 1 error(s), 1 left on base; Iowa 3 - Alabama 0 |
BOTTOM OF THE 2ND |
Alabama Crimson Tide batting - Pitching for Iowa Hawkeyes : RHP Rodrigo Morales
|
Batting: RHB Rob Mapp
|
0-0: Ball 1-0: Ball 2-0: Ground out 6-3 (Groundball, 6M)
|
Batting: RHB Andrew O'Dell
|
0-0: Ball 1-0: Ball 2-0: Fly out, F9 (Flyball, 9S)
|
Batting: LHB Jorge Cuero
|
0-0: Foul Ball, location: 2F 0-1: Hit by Pitch
|
Batting: LHB Fred Abrams
|
0-0: Fly out, F9 (Flyball, 89M)
|
Bottom of the 2nd over - 0 run(s), 0 hit(s), 0 error(s), 1 left on base; Iowa 3 - Alabama 0 |
TOP OF THE 3RD |
Iowa Hawkeyes batting - Pitching for Alabama Crimson Tide : RHP Roy Wiggins
|
Batting: LHB Rob Davidson
|
0-0: Called Strike 0-1: Ball 1-1: Swinging Strike 1-2: Ball 2-2: Fly out, F8 (Flyball, 8RS)
|
Batting: RHB Rusty Anderson
|
0-0: Ball 1-0: Reached on Error, E9 (Flyball, 9M)
|
Batting: RHB José Gonzáles
|
0-0: Ball Rusty Anderson steals 2nd base 1-0: Fly out, F7 (Flyball, 78M)
|
Batting: RHB Miguel Costa
|
0-0: SINGLE (Groundball, 4D) (infield hit) Rusty Anderson to third
|
Batting: RHB Kelsey Scott
|
0-0: Ball 1-0: Ball 2-0: Called Strike 2-1: Ball 3-1: Base on Balls Miguel Costa to second
|
Batting: LHB Gilbert Stegall
|
0-0: Ball 1-0: Foul Ball, location: 2F 1-1: Ball 2-1: Swinging Strike 2-2: Ball 3-2: Base on Balls Rusty Anderson scores Miguel Costa to third Kelsey Scott to second
|
Batting: RHB Joe Brinkman
|
0-0: Called Strike 0-1: Called Strike 0-2: Ball 1-2: Ball 2-2: Strikes out looking
|
Top of the 3rd over - 1 run(s), 1 hit(s), 1 error(s), 3 left on base; Iowa 4 - Alabama 0 |
BOTTOM OF THE 3RD |
Alabama Crimson Tide batting - Pitching for Iowa Hawkeyes : RHP Rodrigo Morales
|
Batting: SHB Jorge Dávila
|
0-0: Ground out 5-3 (Groundball, 56)
|
Batting: RHB Eddie Howell
|
0-0: Ball 1-0: Fly out, F8 (Flyball, 8LM)
|
Batting: LHB Mike Godfrey
|
0-0: Ball 1-0: Ball 2-0: Called Strike 2-1: Swinging Strike 2-2: Strikes out looking
|
Bottom of the 3rd over - 0 run(s), 0 hit(s), 0 error(s), 0 left on base; Iowa 4 - Alabama 0 |
TOP OF THE 4TH |
Iowa Hawkeyes batting - Pitching for Alabama Crimson Tide : RHP Roy Wiggins
|
Batting: RHB Manuel Gómez
|
0-0: Ball 1-0: Ball 2-0: Ball 3-0: Called Strike 3-1: Base on Balls
|
Pitching: RHP Don Kirk
|
|
Batting: RHB Tucker Waters
|
0-0: Ball 1-0: Ball 2-0: Called Strike 2-1: Ball 3-1: Base on Balls Manuel Gómez to second
|
Batting: LHB Rob Davidson
|
0-0: Ball 1-0: SINGLE (Groundball, 6M) Manuel Gómez to third Tucker Waters to second
|
Batting: RHB Rusty Anderson
|
0-0: Fly out, F8 (Flyball, 8LM) Runner from 3rd tags up, SCORES, no throw
|
Batting: RHB José Gonzáles
|
0-0: Called Strike 0-1: DOUBLE (Flyball, 8RM) Tucker Waters scores Rob Davidson to third Runner from 3rd tries for Home, SAFE, no throw or cutoff
|
Batting: RHB Miguel Costa
|
0-0: 2-RUN HOME RUN (Flyball, 7D), Distance : 350 ft
|
Batting: RHB Kelsey Scott
|
0-0: Ball 1-0: SINGLE (Line Drive, 34)
|
Batting: LHB Gilbert Stegall
|
0-0: Called Strike 0-1: Foul Ball, location: 2F 0-2: Ball 1-2: Ball 2-2: Ball 3-2: Strikes out swinging
|
Batting: RHB Joe Brinkman
|
0-0: Ball 1-0: Ball 2-0: Ball 3-0: Base on Balls Kelsey Scott to second
|
Batting: RHB Manuel Gómez
|
0-0: Ball 1-0: SINGLE (Line Drive, 8LS) Kelsey Scott to third Joe Brinkman to second
|
Batting: RHB Tucker Waters
|
0-0: Called Strike 0-1: Called Strike 0-2: Strikes out swinging
|
Top of the 4th over - 5 run(s), 5 hit(s), 0 error(s), 3 left on base; Iowa 9 - Alabama 0 |
BOTTOM OF THE 4TH |
Alabama Crimson Tide batting - Pitching for Iowa Hawkeyes : RHP Rodrigo Morales
|
Batting: LHB Davey Davis
|
0-0: Ball 1-0: Fly out, F9 (Flyball, 89M)
|
Batting: RHB Bob Johnson
|
0-0: Foul Ball, location: 2F 0-1: Ball 1-1: Ball 2-1: Foul Ball, location: 2F 2-2: Ball 3-2: Foul Ball, location: 2F 3-2: Foul Ball, location: 2F 3-2: Base on Balls
|
Batting: RHB Rob Mapp
|
0-0: Swinging Strike 0-1: Ball 1-1: Ball 2-1: Swinging Strike 2-2: Ball 3-2: Fly out, F9 (Line Drive, 89M) 3-2: Fly out, F9 (Line Drive, 89M)
|
Batting: RHB Andrew O'Dell
|
0-0: Ball 1-0: Fly out, F8 (Flyball, 8LM)
|
Bottom of the 4th over - 0 run(s), 0 hit(s), 0 error(s), 1 left on base; Iowa 9 - Alabama 0 |
TOP OF THE 5TH |
Iowa Hawkeyes batting - Pitching for Alabama Crimson Tide : RHP Don Kirk
|
Batting: LHB Rob Davidson
|
0-0: Foul Ball, location: 2F 0-1: Swinging Strike 0-2: Ball 1-2: Ball 2-2: Foul Ball, location: 2F 2-2: Foul Ball, location: 2F 2-2: Fly out, F7 (Flyball, 7LM)
|
Batting: RHB Rusty Anderson
|
0-0: Ball 1-0: Foul Ball, location: 2F 1-1: Swinging Strike 1-2: Ball 2-2: Strikes out looking
|
Batting: RHB José Gonzáles
|
0-0: Called Strike 0-1: Ball 1-1: Fly out, F7 (Flyball, 7LS)
|
Top of the 5th over - 0 run(s), 0 hit(s), 0 error(s), 0 left on base; Iowa 9 - Alabama 0 |
BOTTOM OF THE 5TH |
Alabama Crimson Tide batting - Pitching for Iowa Hawkeyes : RHP Rodrigo Morales
|
Batting: LHB Jorge Cuero
|
0-0: Called Strike 0-1: Swinging Strike 0-2: Ball 1-2: Strikes out looking
|
Batting: LHB Fred Abrams
|
0-0: Ball 1-0: Ball 2-0: Called Strike 2-1: Foul Ball, location: 2F 2-2: Ball 3-2: Base on Balls
|
Batting: SHB Jorge Dávila
|
0-0: Called Strike 0-1: Swinging Strike 0-2: Foul Ball, location: 2F 0-2: Fly out, F5 (Popup, 5)
|
Batting: RHB Eddie Howell
|
0-0: Called Strike 0-1: Called Strike 0-2: Ball 1-2: Foul Ball, location: 2F 1-2: Fly out, F8 (Flyball, 8RXD)
|
Bottom of the 5th over - 0 run(s), 0 hit(s), 0 error(s), 1 left on base; Iowa 9 - Alabama 0 |
TOP OF THE 6TH |
Iowa Hawkeyes batting - Pitching for Alabama Crimson Tide : RHP Don Kirk
|
Pitching: RHP James Martin
|
|
Batting: RHB Miguel Costa
|
0-0: Ball 1-0: Ball 2-0: DOUBLE (Flyball, 8LM)
|
Batting: RHB Kelsey Scott
|
0-0: Called Strike 0-1: Foul Ball, location: 2F 0-2: Ball 1-2: Ball 2-2: SINGLE (Groundball, 4M) Miguel Costa to third
|
Batting: LHB Gilbert Stegall
|
0-0: Called Strike 0-1: Foul Ball, location: 2F 0-2: Strikes out swinging
|
Batting: RHB Joe Brinkman
|
0-0: Swinging Strike 0-1: Ball 1-1: Called Strike 1-2: SINGLE (Line Drive, 6MD) Miguel Costa scores Kelsey Scott to second
|
Batting: RHB Manuel Gómez
|
0-0: Swinging Strike 0-1: Fly out, F9 (Flyball, 9LS)
|
Batting: RHB Tucker Waters
|
0-0: Ball 1-0: 3-RUN HOME RUN (Line Drive, 7LD), Distance : 327 ft
|
Pitching: RHP Michael Cole
|
|
Batting: LHB Rob Davidson
|
0-0: Ball 1-0: SOLO HOME RUN (Flyball, 9D), Distance : 360 ft
|
Batting: RHB Rusty Anderson
|
0-0: Ball 1-0: Ball 2-0: SINGLE (Line Drive, 4D)
|
Batting: RHB José Gonzáles
|
0-0: Ball Rusty Anderson steals 2nd base 1-0: Foul Ball, location: 2F 1-1: Called Strike 1-2: Ball 2-2: Foul Ball, location: 2F 2-2: Foul Ball, location: 2F 2-2: Ball 3-2: Base on Balls
|
Batting: RHB Miguel Costa
|
0-0: Called Strike 0-1: Ball 1-1: Ball 2-1: Swinging Strike 2-2: Strikes out looking
|
Top of the 6th over - 5 run(s), 6 hit(s), 0 error(s), 2 left on base; Iowa 14 - Alabama 0 |
BOTTOM OF THE 6TH |
Alabama Crimson Tide batting - Pitching for Iowa Hawkeyes : RHP Rodrigo Morales
|
Batting: LHB Mike Godfrey
|
0-0: Ball 1-0: Fly out, F8 (Line Drive, 8LS)
|
Batting: LHB Davey Davis
|
0-0: Fly out, F9 (Flyball, 89S)
|
Batting: RHB Bob Johnson
|
0-0: SOLO HOME RUN (Flyball, 7D), Distance : 344 ft
|
Batting: RHB Rob Mapp
|
0-0: Called Strike 0-1: Ball 1-1: Foul Ball, location: 2F 1-2: Ball 2-2: Foul Ball, location: 2F 2-2: Ball 3-2: Fly out, F4 (Popup, 4)
|
Bottom of the 6th over - 1 run(s), 1 hit(s), 0 error(s), 0 left on base; Iowa 14 - Alabama 1 |
TOP OF THE 7TH |
Iowa Hawkeyes batting - Pitching for Alabama Crimson Tide : RHP Michael Cole
|
Batting: RHB Kelsey Scott
|
0-0: Foul Ball, location: 2F 0-1: Called Strike 0-2: Ball 1-2: Ball 2-2: Ground out 6-3 (Groundball, 6)
|
Batting: LHB Gilbert Stegall
|
0-0: Ball 1-0: Called Strike 1-1: Swinging Strike 1-2: Foul Ball, location: 2F 1-2: Strikes out swinging
|
Batting: RHB Joe Brinkman
|
0-0: Reached on error, E5 (Groundball, 5S)
|
Batting: RHB Manuel Gómez
|
0-0: Ball 1-0: Foul Ball, location: 2F 1-1: Ball 2-1: Fly out, F2 (Popup, 2LF)
|
Top of the 7th over - 0 run(s), 0 hit(s), 1 error(s), 1 left on base; Iowa 14 - Alabama 1 |
BOTTOM OF THE 7TH |
Alabama Crimson Tide batting - Pitching for Iowa Hawkeyes : RHP Rodrigo Morales
|
Pitching: RHP Ed Meadows
|
|
Batting: RHB Andrew O'Dell
|
0-0: Fly out, F4 (Popup, 4D)
|
Batting: LHB Jorge Cuero
|
0-0: Ball 1-0: SINGLE (Groundball, 56D)
|
Batting: LHB Fred Abrams
|
0-0: Ball 1-0: Ball 2-0: Swinging Strike 2-1: Ball 3-1: Called Strike 3-2: Fly out, F7 (Flyball, 7LMF)
|
Batting: SHB Jorge Dávila
|
0-0: Ball 1-0: Called Strike 1-1: Called Strike 1-2: Ground out 4-3 (Groundball, 34)
|
Bottom of the 7th over - 0 run(s), 1 hit(s), 0 error(s), 1 left on base; Iowa 14 - Alabama 1 |
TOP OF THE 8TH |
Iowa Hawkeyes batting - Pitching for Alabama Crimson Tide : RHP Michael Cole
|
Batting: RHB Tucker Waters
|
0-0: Called Strike 0-1: Ball 1-1: Swinging Strike 1-2: Foul Ball, location: 2F 1-2: Ball 2-2: Foul Ball, location: 2F 2-2: Foul Ball, location: 2F 2-2: Strikes out swinging
|
Batting: LHB Rob Davidson
|
0-0: Ball 1-0: Ball 2-0: Ball 3-0: Base on Balls
|
Batting: RHB Rusty Anderson
|
0-0: Ball 1-0: Fielders Choice at 2nd, 1-4 (Groundball, 25)
|
Batting: RHB José Gonzáles
|
0-0: Called Strike Rusty Anderson steals 2nd base 0-1: Ball 1-1: Foul Ball, location: 2F 1-2: Ball 2-2: Ground out 6-3 (Groundball, 6M)
|
Top of the 8th over - 0 run(s), 0 hit(s), 0 error(s), 1 left on base; Iowa 14 - Alabama 1 |
BOTTOM OF THE 8TH |
Alabama Crimson Tide batting - Pitching for Iowa Hawkeyes : RHP Ed Meadows
|
Now at 1B: Rob Byrd
|
|
Batting: RHB Eddie Howell
|
0-0: Ball 1-0: Ball 2-0: Called Strike 2-1: Foul Ball, location: 2F 2-2: Ball 3-2: Foul Ball, location: 2F 3-2: Base on Balls
|
Batting: LHB Mike Godfrey
|
0-0: Ball 1-0: Ball 2-0: Called Strike 2-1: SINGLE (Line Drive, 56) Eddie Howell to second
|
Batting: LHB Davey Davis
|
0-0: Ball 1-0: Called Strike 1-1: Foul Ball, location: 2F 1-2: Ball 2-2: SINGLE (Groundball, 4MD) Eddie Howell to third Mike Godfrey to second Runner from 3rd tries for Home, SAFE, throw made home
|
Batting: RHB Bob Johnson
|
0-0: Fly out, F9 (Flyball, 9S)
|
Batting: RHB Rob Mapp
|
0-0: Foul Ball, location: 2F 0-1: Ball 1-1: Swinging Strike 1-2: Foul Ball, location: 2F 1-2: Ball 2-2: Foul Ball, location: 2F 2-2: Foul Ball, location: 2F 2-2: Foul Ball, location: 2F 2-2: Ball 3-2: Base on Balls Mike Godfrey to third Davey Davis to second
|
Batting: RHB Andrew O'Dell
|
0-0: Ball 1-0: Swinging Strike 1-1: SINGLE (Groundball, 56) Mike Godfrey scores Davey Davis to third Rob Mapp to second Runner from 3rd tries for Home, SAFE, throw made home Rob Mapp to third Andrew O'Dell to second
|
Batting: LHB Jorge Cuero
|
0-0: Called Strike 0-1: Foul Ball, location: 2F 0-2: Strikes out swinging
|
Batting: LHB Fred Abrams
|
0-0: Ball 1-0: Ball 2-0: Ball 3-0: Called Strike 3-1: Base on Balls
|
Batting: SHB Jorge Dávila
|
0-0: Ball 1-0: Swinging Strike 1-1: Ball 2-1: Fly out, F8 (Flyball, 8LD)
|
Bottom of the 8th over - 3 run(s), 3 hit(s), 0 error(s), 3 left on base; Iowa 14 - Alabama 4 |
TOP OF THE 9TH |
Iowa Hawkeyes batting - Pitching for Alabama Crimson Tide : RHP Michael Cole
|
Pitching: RHP Logan Villiers
|
|
Batting: RHB Miguel Costa
|
0-0: Fly out, F4 (Line Drive, 4)
|
Batting: RHB Kelsey Scott
|
0-0: Ball 1-0: SOLO HOME RUN (Flyball, 7D), Distance : 366 ft
|
Batting: LHB Gilbert Stegall
|
0-0: Ball 1-0: Bunted foul 1-1: SINGLE (Line Drive, 8LS)
|
Batting: RHB Joe Brinkman
|
0-0: Swinging Strike 0-1: Swinging Strike 0-2: Strikes out swinging
|
Batting: RHB Manuel Gómez
|
0-0: Called Strike Gilbert Stegall steals 2nd base 0-1: Called Strike Gilbert Stegall is caught stealing 3rd base
|
Top of the 9th over - 1 run(s), 2 hit(s), 0 error(s), 0 left on base; Iowa 15 - Alabama 4 |
BOTTOM OF THE 9TH |
Alabama Crimson Tide batting - Pitching for Iowa Hawkeyes : RHP Ed Meadows
|
Pitching: RHP Tom Wilson
|
|
Batting: RHB Eddie Howell
|
0-0: Called Strike 0-1: Foul Ball, location: 2F 0-2: Strikes out looking
|
Batting: LHB Mike Godfrey
|
0-0: Fly out, F8 (Flyball, 8RXD)
|
Batting: LHB Davey Davis
|
0-0: Called Strike 0-1: Ball 1-1: Fly out, F7 (Flyball, 7LM)
|
Bottom of the 9th over - 0 run(s), 0 hit(s), 0 error(s), 0 left on base; Iowa 15 - Alabama 4 |
|